 Dungeon Crawl Stone Soup version 0.24-a0-584-g9d6b971ae4 (webtiles) character file.

Game seed: 11209577923726038821, levelgen mode: deterministic

18 Mithandil the Skirmisher (level 2, -6/24 HPs)
             Began as a Demonspawn Abyssal Knight on Sept 5, 2019.
             Was a Follower of Lugonu.
             Mangled by a gnoll
             ... wielding a +0 halberd
              (8 damage)
             ... on level 1 of the Dungeon.
             The game lasted 00:06:15 (886 turns).

Mithandil the Skirmisher (Demonspawn Abyssal Knight) Turns: 886, Time: 00:06:16

Health: -6/24      AC:  5    Str: 12    XL:     2   Next: 51%
Magic:  3/3        EV: 10    Int: 13    God:    Lugonu [*.....]
Gold:   18         SH:  0    Dex: 12    Spells: 1/1 levels left

rFire    . . .     SeeInvis .   a - +4 spear
rCold    . . .     Gourm    .   (no shield)
rNeg     . . .     Faith    .   j - +0 ring mail
rPois    .         Spirit   .   (no helmet)
rElec    .         Reflect  .   (no cloak)
rCorr    .         Harm     .   (no gloves)
MR       .....                  (no boots)
Stlth    ..........             (no amulet)
HPRegen  0.08/turn              (no ring)
MPRegen  0.08/turn              (no ring)

@: no status effects
A: hooves 1
a: Depart the Abyss, Renounce Religion


You were on level 1 of the Dungeon.
You worshipped Lugonu.
Lugonu was aware of your devotion.
You were not hungry.

You visited 1 branch of the dungeon, and saw 2 of its levels.
You visited the Abyss 1 time.

You collected 18 gold pieces.

Inventory:

Hand Weapons
 a - a +4 spear (weapon)
 b - a +2 dagger of venom
Missiles
 d - 38 stones
 g - 10 poisoned darts (quivered)
 k - 24 arrows
Armour
 i - a +0 leather armour
 j - a +0 ring mail (worn)
Scrolls
 e - a scroll of noise {unknown}
 h - a scroll of magic mapping {unknown}
 l - a scroll of teleportation {unknown}
Comestibles
 c - 2 rations
 f - 4 chunks of flesh


   Skills:
 * Level 3.2 Fighting
 + Level 0.1 Short Blades
 + Level 1.9 Polearms
 + Level 2.0 Armour
 + Level 1.1 Dodging
 + Level 0.3 Stealth
 + Level 0.3 Unarmed Combat
 + Level 2.6 Invocations


You had one spell level left.
You didn't know any spells.
Your spell library was empty.

Dungeon Overview and Level Annotations

Branches:
Dungeon (2/15)

Altars:
Xom


Innate Abilities, Weirdness & Mutations

You have large cloven feet.


Message History

Press: ? - help, Dir - move target cursor, f/p - gnoll
Aim: a gnoll, wielding a +0 halberd You reach to attack!
You hit the gnoll.
The gnoll is moderately wounded.
The gnoll hits you from afar with a +0 halberd!
* * * LOW HITPOINT WARNING * * *
Attack whom?
Press: ? - help, Dir - move target cursor, f/p - gnoll
Aim: a gnoll, wielding a +0 halberd (moderately wounded)
You reach to attack!
You hit the gnoll.
The gnoll is heavily wounded.
The gnoll closely misses you.
Unknown command.
Attack whom?
Press: ? - help, Dir - move target cursor, f/p - gnoll
Aim: a gnoll, wielding a +0 halberd (heavily wounded)
You reach to attack!
You hit the gnoll.
The gnoll is severely wounded.
The gnoll hits you from afar with a +0 halberd!
You die...

#....#.# ##..>....##
##......#
#.........####...#.#.#
+.........+........#.#
#.........####.......#
# #.......# ##.##.###
.# #..g..# ## #.# .#
#.).# #.# .# #@# #.#
.# #.# #.# ## ####.###
#.# 8##
#.....>##########.#
..##
#.#.....÷.........#
...#####♣
#......†###########
8.......♣ #.#.....#
.......♣♣ .........#
......♣♣ ###.......#


You could see a gnoll.

Vanquished Creatures
  A leopard gecko (D:1)
  2 goblins (D:1)
  A hobgoblin (D:1)
  5 kobolds (D:1)
  3 bats (D:1)
  A frilled lizard (D:1)
  3 rats (D:1)
16 creatures vanquished.

Notes
Turn   | Place    | Note
-------+----------+-------------------------------------------
     0 | Abyss:1  | Mithandil the Demonspawn Abyssal Knight began the quest for
                  | the Orb.
     0 | Abyss:1  | Reached XP level 1. HP: 18/18 MP: 2/2
    32 | Abyss:1  | Noticed an Executioner
    33 | D:1      | Escaped the Abyss
   110 | D:1      | Reached skill level 1 in Dodging
   459 | D:2      | Found a shimmering altar of Xom.
   532 | D:1      | Gained mutation: You have large cloven feet. [demonic
                  | ancestry]
   532 | D:1      | Reached XP level 2. HP: 24/24 MP: 3/3
   882 | D:1      | Reached * piety under Lugonu
   886 | D:1      | Mangled by a gnoll

Levels and vault maps discovered:
D:1:      kennysheep_arrival_forest, layout_loops_corners
D:2:      layout_basic, nicolae_overflow_hidden_temple,
          lemuel_zombie_altar_kikubaaqudgha, first_ration, uniq_natasha

Skill      XL: |  1  2 |
---------------+-------+-----
Dodging        | 1 |  1.1
Armour         | 2 |  2.0
Fighting       | |  3.2
Short Blades   | |  0.1
Polearms       | |  1.9
Stealth        | |  0.3
Unarmed Combat | |  0.3
Invocations    | |  2.6

Action                   || total
-------------------------++-------
Melee: Spear             ||    43
       Kick              ||     4
Invok: Depart the Abyss  ||     1
  Use: Scroll            ||     3
       Potion            ||     1
Armor: Leather armour    ||     4
       Ring mail         ||     8
Dodge: Dodged            ||    18

Table legend:
 A = Non-vault XP
 B = Vault XP
 C = Vault XP percentage of total XP
 D = Non-vault monster count
 E = Vault monster count
 F = Vault count percentage of total count
                 A         B        C        D         E       F
            +---------+---------+-------+---------+---------+-------
      Total |      27 |       0 |   0.0 |      16 |       0 |   0.0
            +---------+---------+-------+---------+---------+-------
        D:1 |      27 |       0 |   0.0 |      16 |       0 |   0.0
            +---------+---------+-------+---------+---------+-------
